 Dungeon Crawl Stone Soup version 0.27.1-4-g1640c2035a (webtiles) character file.

Game seed: 11593284974202625502

773 styxcanada the Covert (level 7, -10/35 HPs)
             Began as a Spriggan Brigand on Nov 7, 2021.
             Was an Initiate of Gozag.
             Mangled by unlimited1921's ghost (11 damage)
             ... on level 5 of the Dungeon.
             The game lasted 00:16:18 (5265 turns).

styxcanada the Covert (Spriggan Brigand)            Turns: 5265, Time: 00:16:20

Health: -10/35     AC:  4    Str:  7    XL:     7   Next: 53%
Magic:  12/12      EV: 19    Int: 12    God:    Gozag
Gold:   160        SH:  0    Dex: 22    Spells: 10/12 levels left

rFire    . . .     SeeInvis +   r - +5 mace "Conservator" {flame, rPois Dex+3}
rCold    . . .     Faith    .   (shield restricted)
rNeg     . . .     Spirit   .   b - +0 robe
rPois    +         Reflect  .   (helmet restricted)
rElec    .         Harm     .   c - +1 cloak
rCorr    .         Rampage  .   (gloves unavailable)
Will     +....                  (boots unavailable)
Stlth    +++++.....             (no amulet)
HPRegen  0.11/turn              (no ring)
MPRegen  0.13/turn              (no ring)

@: very quick
A: very small, no large weapons, unfitting armour, see invisible, speed 3
a: Renounce Religion, Potion Petition, Call Merchant, Bribe Branch


You were on level 5 of the Dungeon.
You worshipped Gozag.
Gozag was aware of your devotion.
You visited 2 branches of the dungeon, and saw 6 of its levels.

You collected 208 gold pieces.
You paid 48 gold pieces to Gozag.

Inventory:

Hand Weapons
 a - a +2 dagger
 g - a +3 dagger of venom
 h - a +0 hunting sling
 r - the +5 mace "Conservator" (weapon) {flame, rPois Dex+3}
   (You took it off an orc on level 3 of the Dungeon)

   It burns those it strikes, dealing additional fire damage.
   Dex:       It affects your dexterity (+3).
   rPois:     It protects you from poison.
Missiles
 d - 23 poisoned darts (quivered)
 e - 2 curare-tipped darts
 f - 90 stones
 s - 8 boomerangs
Armour
 b - a +0 robe (worn)
 c - a +1 cloak (worn)
Jewellery
 l - an amulet of magic regeneration
Wands
 o - a wand of acid (6)
 p - a wand of polymorph (16)
Scrolls
 n - a scroll of acquirement {unknown}
 q - a scroll of magic mapping {unknown}
 v - a scroll of teleportation {unknown}
Potions
 i - a potion of flight
 j - 2 potions of brilliance
 k - 2 potions of might {unknown}
 m - a potion of haste {unknown}
 u - a potion of mutation {unknown}
 w - a potion of heal wounds {unknown}


   Skills:
 * Level 2.4 Fighting
 + Level 3.3 Short Blades
 + Level 3.0 Throwing
 * Level 3.8 Dodging
 * Level 9.6 Stealth
 * Level 3.0 Spellcasting
 * Level 2.3 Hexes
 * Level 1.4 Ice Magic
 * Level 2.4 Evocations


You had 10 spell levels left.
You knew the following spells:

 Your Spells              Type           Power      Damage    Failure   Level
a - Ensorcelled Hibernat  Hex/Ice        12%        N/A       17%         2

Your spell library contained the following spells:

 Spells                   Type           Power      Damage    Failure   Level
 Corona                   Hex            7%         N/A       10%         1
 Tukima's Dance           Hex            7%         N/A       28%         3
 Passwall                 Tmut/Erth      0%         N/A       36%         2
 Swiftness                Air            1%         N/A       58%         3
 Invisibility             Hex            3%         N/A       100%        6


Dungeon Overview and Level Annotations

Branches:
Dungeon (5/15)             Temple (1/1) D:5

Altars:
Ashenzari
Dithmenos
Gozag
Hepliaklqana
Nemelex Xobeh
Qazlal
Ru
Vehumet
Yredelemnul
Zin
The Shining One
Beogh

Annotations:
D:5 unlimited1921's ghost, novice GnAM


Innate Abilities, Weirdness & Mutations

You are very small and have problems with some larger weapons.
You are too small for most types of armour.
You have supernaturally acute eyesight. (SInv)
You cover ground extremely quickly. (Speed+++)


Message History

Unlimited1921's ghost is lightly damaged.
Unlimited1921's ghost casts a spell at you.
You easily resist.
Unlimited1921's ghost whispers, "Death doesn't hurt.
What you feel is life." Unlimited1921's ghost misses you.
You hit unlimited1921's ghost but do no damage.
Unlimited1921's ghost is lightly damaged.
The water moccasin zombie is no longer distracted by gold.
The water moccasin zombie barely misses you.
Unlimited1921's ghost hits you! The water moccasin zombie misses you.
You completely miss unlimited1921's ghost.
Unlimited1921's ghost is lightly damaged.
Unlimited1921's ghost misses you.
The water moccasin zombie barely misses you.
You hit unlimited1921's ghost. You burn unlimited1921's ghost.
Unlimited1921's ghost is moderately damaged.
The water moccasin zombie closely misses you.
Unlimited1921's ghost hits you but does no damage.
The water moccasin zombie completely misses you.
Unlimited1921's ghost hits you but does no damage.
You closely miss unlimited1921's ghost.
Unlimited1921's ghost is moderately damaged.
The water moccasin zombie completely misses you.
Unlimited1921's ghost gestures at you while chanting.
You easily resist.
The water moccasin zombie completely misses you.
You hit unlimited1921's ghost but do no damage.
Unlimited1921's ghost is moderately damaged.
Unlimited1921's ghost hits you!
* * * LOW HITPOINT WARNING * * *
The water moccasin zombie barely misses you.
Unlimited1921's ghost barely misses you.
You hit unlimited1921's ghost but do no damage.
Unlimited1921's ghost is moderately damaged.
The water moccasin zombie bites you but does no damage.
The water moccasin zombie bites you.
* * * LOW HITPOINT WARNING * * *
Unlimited1921's ghost hits you!
You die...
Your body crumbles into a pile of gold.

#############
##.....#.....##
##.............##
#...............#
#...............#
#.@#######......###
#ZW#.#.#.#.........
#.Z#.....#.........
#..'...[##.........
#..'...(.#.........
##.'....##.........
#.#.....#.........
#.#.#.#.#.........
#########.........


You could see unlimited1921's ghost, a water moccasin zombie and a bullfrog
skeleton.

Vanquished Creatures
  The ghost of Duder the Cudgeller, an amateur MiBe of Trog (D:3)
  A necrophage (D:4)
  An ogre (D:4)
  2 scorpions
  A hound (D:5)
  A bullfrog skeleton (D:5)
  An orc priest (D:3)
  2 orc wizards
  A scorpion zombie (D:5)
  Natasha (thrice) (D:2)
  7 adders
  An adder skeleton (D:4)
  A worm (D:5)
  4 dart slugs
  18 orcs
  2 ball pythons
  6 endoplasms
  3 giant cockroaches
  6 goblins
  3 hobgoblins
  3 jackals (D:3)
  6 kobolds
  4 bats
  5 frilled lizards
  4 rats
87 creatures vanquished.

Notes
Turn   | Place    | Note
-------+----------+-------------------------------------------
     0 | D:1      | styxcanada the Spriggan Brigand began the quest for the
                  | Orb.
     0 | D:1      | Reached XP level 1. HP: 10/10 MP: 2/2
    37 | D:1      | Reached skill level 6 in Stealth
   228 | D:1      | Found a faded altar of an unknown god.
   381 | D:1      | Reached XP level 2. HP: 14/14 MP: 3/3
   878 | D:1      | Reached skill level 7 in Stealth
  1161 | D:2      | Reached XP level 3. HP: 18/18 MP: 4/4
  1344 | D:2      | Noticed Natasha
  1355 | D:2      | Killed Natasha
  1360 | D:2      | Noticed Natasha
  1369 | D:2      | Killed Natasha
  1370 | D:2      | Reached skill level 8 in Stealth
  1370 | D:2      | Reached XP level 4. HP: 14/23 MP: 5/5
  1383 | D:2      | Learned a level 2 spell: Ensorcelled Hibernation
  1494 | D:2      | Noticed Natasha
  1518 | D:2      | Killed Natasha
  1535 | D:2      | Reached skill level 1 in Spellcasting
  2034 | D:3      | Reached XP level 5. HP: 18/26 MP: 7/7
  2223 | D:3      | Found a basalt altar of Yredelemnul.
  2514 | D:3      | Found a runed translucent gate.
  2526 | D:3      | Found a runed translucent gate.
  2526 | D:3      | Found a runed translucent gate.
  2527 | D:3      | Noticed Duder's ghost (amateur MiBe)
  2530 | D:3      | Identified the +5 mace "Conservator" {flame, rPois Dex+3}
  2556 | D:3      | Killed Duder's ghost
  2557 | D:3      | Reached skill level 9 in Stealth
  2557 | D:3      | Reached skill level 1 in Hexes
  2557 | D:3      | Reached skill level 1 in Evocations
  2557 | D:3      | Reached XP level 6. HP: 9/30 MP: 9/9
  3523 | D:4      | Reached skill level 1 in Ice Magic
  3742 | D:4      | Reached XP level 7. HP: 35/35 MP: 2/11
  4275 | D:5      | Entered Level 5 of the Dungeon
  4355 | D:5      | Found a staircase to the Ecumenical Temple.
  4364 | Temple   | Entered the Ecumenical Temple
  4406 | Temple   | Became a worshipper of Gozag Ym Sagoz the Greedy
  4931 | D:5      | Found a stormy altar of Qazlal.
  5098 | D:5      | Found a runed translucent gate.
  5098 | D:5      | Found a runed translucent gate.
  5098 | D:5      | Found a runed translucent gate.
  5099 | D:5      | Noticed unlimited1921's ghost (novice GnAM)
  5147 | D:5      | Found a broken altar of Ashenzari.
  5148 | D:5      | Found a radiant altar of Vehumet.
  5265 | D:5      | HP: 1/35 [water moccasin zombie (1)]
  5265 | D:5      | Mangled by unlimited1921's ghost

Illustrated notes

Levels and vault maps discovered:
D:1:      dpeg_arrival_three_same_balls, layout_basic,
          chequers_ecumenical_altar_twisty
D:2:      layout_rooms, chequers_serial_rivers_micro_d, uniq_natasha
D:3:      layout_rooms, mainiacjoe_overflow_paths, biasface_ghost_orc_armoury,
          kennysheep_boxes
D:4:      layout_basic
D:5:      layout_rooms, nicolae_qazlal_general_emergency,
          gammafunk_temple_overflow_statue, minmay_temple_entry_statues_pillars,
          gammafunk_ghost_necromancy
Temple:   minmay_crystal_spiral_temple

Skill      XL: |  1  2  3  4  5  6  7 |
---------------+----------------------+-----
Stealth        | 6 7 8 9 |  9.6
Dodging        | 2 3 |  3.8
Spellcasting   | 1 2 3 |  3.0
Fighting       | 2 |  2.4
Hexes          | 1 2 |  2.3
Evocations     | 1 2 |  2.4
Short Blades   | 3 |  3.3
Ice Magic      | 1 |  1.4
Throwing       | 3 |  3.0

Action                   |  1- 3 |  4- 6 |  7- 9 || total
-------------------------+-------+-------+-------++-------
Melee: Dagger            |    60 |   131 |    66 ||   257
       Mace              |       |       |    17 ||    17
Throw: Dart              |     4 |    41 |    10 ||    55
 Cast: Ensorcelled Hiber |       |     4 |       ||     4
Evoke: Wand              |       |     4 |       ||     4
  Use: Scroll            |       |     2 |     3 ||     5
 Stab: Sleeping          |    13 |     7 |     4 ||    24
       Distracted        |       |     1 |       ||     1
Armor: Robe              |     4 |     8 |     8 ||    20
Dodge: Dodged            |    23 |    70 |    78 ||   171
